 Dungeon Crawl Stone Soup version 0.28.0-53-g5a82cb258f (webtiles) character file.

Game seed: 7011627868666687151

387 EWolf27 the Digger (level 6, -3/33 HPs)
             Began as a Gargoyle Earth Elementalist on Aug 3, 2022.
             Killed from afar by Maggie (28 damage)
             ... with a bolt of acid
             ... on level 7 of the Dungeon.
             The game lasted 00:18:11 (5361 turns).

EWolf27 the Digger (Gargoyle Earth Elementalist)    Turns: 5361, Time: 00:18:11

Health: -3/33      AC:  9    Str: 11    XL:     6   Next: 78%
Magic:  6/12       EV: 11    Int: 18    God:
Gold:   86         SH:  0    Dex: 10    Spells: 9/13 levels left

rFire   . . .      SeeInvis .   g - +2 whip (holy)
rCold   . . .      Faith    .   (no shield)
rNeg    + . .      Spirit   .   j - +0 leather armour
rPois   ∞          Reflect  .   f - +0 helmet
rElec   +          Harm     .   h - +0 cloak
rCorr   .          Rampage  .   (no gloves)
Will    .....                   (no boots)
Stlth   ++........              (no amulet)
HPRegen 0.11/turn               (no ring)
MPRegen 0.13/turn               (no ring)

@: mesmerised, very slightly contaminated
A: sickness immunity, AC +4, negative energy resistance 1, electricity
resistance, torment resistance 1, petrification resistance
a: no special abilities


You were on level 7 of the Dungeon.
You visited 1 branch of the dungeon, and saw 6 of its levels.

You collected 126 gold pieces.
You spent 40 gold pieces at shops.

Inventory:

Hand Weapons
 g - a +2 whip of holy wrath (weapon)
Missiles
 c - 59 stones
Armour
 b - a +0 robe
 f - a +0 helmet (worn)
 h - a +0 cloak (worn)
 j - a +0 leather armour (worn)
Jewellery
 o - a ring of wizardry
Wands
 p - a wand of digging (9)
Scrolls
 i - a scroll of teleportation {unknown}
 k - a scroll of amnesia {unknown}
 l - a scroll of blinking {unknown}
 n - a scroll of fog
 q - a scroll of magic mapping {unknown}
Potions
 a - a potion of invisibility
 d - a potion of haste {unknown}
 e - 2 potions of curing {unknown}
 m - a potion of flight {unknown}
 r - a potion of lignification {unknown}
 s - 2 potions of cancellation {unknown}


   Skills:
 + Level 0.9 Fighting
 + Level 1.8 Maces & Flails
 + Level 1.8 Armour
 - Level 1.5 Dodging
 - Level 2.2 Stealth
 + Level 4.0 Spellcasting
 * Level 2.5 Conjurations
 - Level 0.7 Transmutations
 + Level 5.7 Earth Magic


You had 9 spell levels left.
You knew the following spells:

 Your Spells              Type           Power      Damage    Failure   Level
a - Sandblast             Erth           48%        2d12      1%          1
b - Stone Arrow           Conj/Erth      36%        3d9       11%         3

Your spell library contained the following spells:

 Spells                   Type           Power      Damage    Failure   Level
 Passwall                 Tmut/Erth      12%        N/A       8%          2
 Corpse Rot               Necr/Air       6%         N/A       28%         2
 Ensorcelled Hibernation  Hex/Ice        6%         N/A       28%         2
 Poisonous Vapours        Pois/Air       6%         N/A       28%         2
 Petrify                  Tmut/Erth      15%        N/A       45%         4
 Swiftness                Air            3%         N/A       50%         3


Dungeon Overview and Level Annotations

Branches:
Dungeon (7/15)
 Temple: D:4-7

Altars:

Shops:
D:2 ?=

Annotations:
D:7 Maggie


Innate Abilities, Weirdness & Mutations

You are immune to sickness and miasma.
Your stone body is resilient. (AC +4)
You are immune to poison.
You resist negative energy. (rN+)
You are resistant to electric shocks. (rElec)
You are resistant to unholy torment.
You are immune to petrification.


Message History

Aim: Maggie, wielding a +1 scimitar of pain, wearing +0 swamp dragon scales and carrying a wand of acid (12) (lightly wounded, mesmerising, 83% to hit)
The blast of sand hits Maggie but does no damage.
Maggie is lightly wounded.
Maggie barely misses you.
Casting: Sandblast (safe; 1% risk of failure)
Confirm with . or Enter, or press ? or * to list all spells.
Aiming: Sandblast (safe; 1% risk of failure)
Press: ? - help, Shift-Dir - straight line, f/p - Maggie
Aim: Maggie, wielding a +1 scimitar of pain, wearing +0 swamp dragon scales and carrying a wand of acid (12) (lightly wounded, mesmerising, 83% to hit)
The blast of sand hits Maggie.
Maggie is lightly wounded.
Maggie zaps a wand.
The bolt of acid misses you.
Casting: Sandblast (safe; 1% risk of failure)
Confirm with . or Enter, or press ? or * to list all spells.
Aiming: Sandblast (safe; 1% risk of failure)
Press: ? - help, Shift-Dir - straight line, f/p - Maggie
Aim: Maggie, wielding a +1 scimitar of pain, wearing +0 swamp dragon scales and carrying a wand of acid (11) (lightly wounded, mesmerising, 83% to hit)
The blast of sand hits Maggie!
Maggie is moderately wounded.
Maggie smiles, but it's obviously fake.
Maggie casts a spell.
Maggie draws you further into her thrall.
Casting: Sandblast (safe; 1% risk of failure)
Confirm with . or Enter, or press ? or * to list all spells.
Aiming: Sandblast (safe; 1% risk of failure)
Press: ? - help, Shift-Dir - straight line, f/p - Maggie
Aim: Maggie, wielding a +1 scimitar of pain, wearing +0 swamp dragon scales and carrying a wand of acid (11) (moderately wounded, mesmerising, 83% to hit)
The blast of sand hits Maggie!
Maggie is heavily wounded.
Maggie closely misses you.
Casting: Sandblast (safe; 1% risk of failure)
Confirm with . or Enter, or press ? or * to list all spells.
Aiming: Sandblast (safe; 1% risk of failure)
Press: ? - help, Shift-Dir - straight line, f/p - Maggie
Aim: Maggie, wielding a +1 scimitar of pain, wearing +0 swamp dragon scales and carrying a wand of acid (11) (heavily wounded, mesmerising, 83% to hit)
You miscast Sandblast.
You are very lightly contaminated with residual magic.
Nothing appears to happen.
Maggie zaps a wand.
The bolt of acid hits you!!
Ouch! That really hurt!
You die...

. ###.# #####.....
########...#.# .#
#............##.#
#.##.........#..
#.###.##.##......#.##.
#...@....##....#......
#####@#####.#.##......
#.......#.##<#.##
#########......#
####.##.# #.# .# #.# .
#.. #.# #.#


You could see Maggie (mesmerising).

Vanquished Creatures
  A hound (D:6)
  2 gnoll shamans (D:6)
  2 iguanas (D:5)
  Ijyb (D:3)
  Natasha (twice) (D:3)
  11 gnolls
  A howler monkey skeleton (D:6)
  An adder (D:6)
  A white imp (D:6)
  A dart slug (D:1)
  6 ball pythons
  2 endoplasms (D:1)
  A giant cockroach (D:1)
  5 hobgoblins
  A kobold (D:1)
  2 quokkas
  4 bats
  3 goblins
  3 rats (D:1)
50 creatures vanquished.

Vanquished Creatures (others)
  3 plants (D:1)
3 creatures vanquished.

Grand Total: 53 creatures vanquished

Notes
Turn   | Place    | Note
-------+----------+-------------------------------------------
     0 | D:1      | EWolf27 the Gargoyle Earth Elementalist began the quest for
                  | the Orb.
     0 | D:1      | Reached XP level 1. HP: 10/10 MP: 3/3
   480 | D:1      | Reached skill level 4 in Earth Magic
   695 | D:1      | Reached XP level 2. HP: 11/15 MP: 5/5
  1700 | D:2      | Reached XP level 3. HP: 19/19 MP: 6/6
  1728 | D:2      | Learned a level 3 spell: Stone Arrow
  1767 | D:2      | Found Xoczair's One-of-a-Kind Rings.
  1853 | D:2      | Found Kiemp's Magic Scroll Boutique.
  1922 | D:2      | Bought a scroll of identify for 20 gold pieces
  1922 | D:2      | Bought a scroll of fog for 20 gold pieces
  2313 | D:3      | Noticed Natasha
  2321 | D:3      | Killed Natasha
  2322 | D:3      | Reached XP level 4. HP: 20/24 MP: 2/7
  2411 | D:3      | Reached skill level 1 in Maces & Flails
  2579 | D:3      | Noticed Natasha
  2584 | D:3      | Killed Natasha
  2585 | D:3      | Reached skill level 1 in Conjurations
  2585 | D:3      | Reached skill level 5 in Earth Magic
  2609 | D:3      | Noticed Ijyb
  2633 | D:3      | Killed Ijyb
  2634 | D:3      | Reached XP level 5. HP: 17/28 MP: 9/9
  2878 | D:3      | Reached skill level 1 in Armour
  2897 | D:3      | You fall into a shaft and drop 3 floors!
  3302 | D:6      | Reached XP level 6. HP: 17/33 MP: 6/11
  4323 | D:5      | Entered Level 5 of the Dungeon
  4970 | D:6      | Noticed a black bear
  5353 | D:7      | Noticed Maggie
  5361 | D:7      | Killed from afar by Maggie

Illustrated notes

Levels and vault maps discovered:
D:1:      dpeg_chamrin_arrival_tetris, layout_rooms, serial_forest,
          infiniplex_forest_lined_3_way, infiniplex_forest_clump_medium,
          infiniplex_forest_straight_1, infiniplex_forest_lined_4_way,
          infiniplex_forest_fountain, infiniplex_forest_clump_long,
          infiniplex_forest_corner_2, infiniplex_forest_straight_3,
          minmay_box_of_dots
D:2:      layout_rooms, serial_shops, nicolae_square_shop,
          nicolae_shop_unique_rings
D:3:      layout_loops_ring, uniq_natasha, uniq_crazy_yiuf_cottage, uniq_ijyb
D:5:      layout_basic, serial_shops, shop_coins, shop, grunt_ministairs_9
D:6:      layout_loops_ring, lemuel_zombie_altar_kikubaaqudgha,
          kennysheep_okawaru_gauntlet, nicolae_qazlal_eye_of_the_storm
D:7:      layout_loops_cross, mainiacjoe_overflow_six_doors_small,
          lemuel_blue_sif_altar, minmay_temple_entry_trees, uniq_maggie

Skill      XL: |  1  2  3  4  5  6 |
---------------+-------------------+-----
Earth Magic    | 4 5 |  5.7
Maces & Flails | 1 |  1.8
Conjurations   | 1 2 |  2.5
Armour         | 1 |  1.8
Spellcasting   | 3 4 |  4.0
Fighting       | |  0.9
Dodging        | |  1.5
Stealth        | |  2.2
Transmutations | |  0.7

Action                   |  1- 3 |  4- 6 || total
-------------------------+-------+-------++-------
Melee: Dagger            |    17 |       ||    17
       Unarmed           |     9 |       ||     9
       Whip              |    35 |    46 ||    81
       Punch             |       |     2 ||     2
 Cast: Sandblast         |    20 |    52 ||    72
       Stone Arrow       |       |     7 ||     7
  Use: Scroll            |     1 |       ||     1
 Stab: Sleeping          |     2 |       ||     2
Armor: Robe              |    17 |       ||    17
       Leather armour    |     3 |    20 ||    23
Dodge: Dodged            |    38 |    59 ||    97
